 Dungeon Sprint DCSS version 0.26-a0-638-gcca6ad1b57 (webtiles) character file.

Game seed: 16689740224457872486

574 Conn the Thaumaturge (level 7, -3/50 HPs)
             Began as an Octopode Hedge Wizard on Sept 13, 2020.
             Slain by a flying skull (14 damage)
             ... in the Dungeon (Sprint II: "The Violet Keep of Menkaure") on Sept 14, 2020.
             The game lasted 00:07:01 (763 turns).

Conn the Thaumaturge (Octopode Hedge Wizard)         Turns: 763, Time: 00:07:02

Health: -3/50      AC:  1    Str:  9    XL:     7   Next: 34%
Magic:  8/22       EV: 15    Int: 19    God:
Gold:   35         SH:  0    Dex: 11    Spells: 18/29 levels left

rFire    . . .     SeeInvis +   f - +1 flail "Haukhic" {drain, *Noise rC++ rN+ SInv}
rCold    + + .     Faith    .   (no shield)
rNeg     + . .     Spirit   .   b - +0 hat
rPois    .         Reflect  .   (no amulet)
rElec    .         Harm     .   (no ring)
rCorr    .         Rampage  .   (no ring)
MR       .....     NoTele   +   (no ring)
Stlth    +++.......             (no ring)
HPRegen  0.16/turn              (no ring)
MPRegen  0.18/turn              (no ring)
                                (no ring)
                                (no ring)

@: very slightly contaminated
A: almost no armour, stealthy swim, amphibious, 8 rings, constrict 8, camouflage
1, gelatinous body 1
a: no special abilities


You were in the Dungeon.
You visited 1 branch You collected 243 gold pieces.
You spent 208 gold pieces at shops.

Inventory:

Hand Weapons
 a - a +0 dagger
 f - the +1 flail "Haukhic" (weapon) {drain, *Noise rC++ rN+ SInv}
   (You bought it in a shop in the Dungeon)

   A truly terrible weapon, it drains the life of those it strikes.
   It greatly protects you from cold.
   It protects you from negative energy.
   It lets you see invisible.
   It may make noises in combat.
Armour
 b - a +0 hat (worn)
Potions
 d - a potion of curing
 g - 2 potions of magic


   Skills:
 * Level 5.2 Fighting
 + Level 2.0 Short Blades
 + Level 4.5 Dodging
 - Level 2.6 Stealth
 * Level 11.6 Spellcasting
 * Level 5.3 Conjurations
 + Level 1.2 Summonings
 + Level 1.2 Translocations


You had 18 spell levels left.
You knew the following spells:

 Your Spells              Type           Power        Failure   Level
a - Magic Dart            Conj           ####         1%          1
b - Blink                 Tloc           N/A          5%          2
c - Call Imp              Summ           ###.....     6%          2
d - Conjure Flame         Conj/Fire      ###.....     6%          3
e - Mephitic Cloud        Conj/Pois/Air  ###.....     9%          3

Your spell library contained the following spells:

 Spells                   Type           Power        Failure   Level
 Slow                     Hex            ##......     10%         2


Dungeon Overview and Level Annotations

Branches:
Dungeon (1/1)

Altars:

Shops:
D !:!}[(=(}?(=[!:

Annotations:
D exclusion: oklob plant


Innate Abilities, Weirdness & Mutations

You cannot wear most types of armour.
You are very stealthy in the water. (Stealth+)
You are amphibious.
You can wear up to eight rings at the same time.
You can use your tentacles to constrict eight enemies at once.
Your skin changes colour to match your surroundings (Stealth+).
Your rubbery body absorbs attacks. (AC +1, EV +1)


Message History

Your shadow imp misses the flying skull.
Unknown command.
Casting: Call Imp (safe; 6% risk of failure)
Confirm with . or Enter, or press ? or * to list all spells.
A beastly little devil appears in a puff of flame.
Your shadow imp barely misses the flying skull.
The flying skull barely misses you.
Your white imp gestures at the flying skull.
The puff of frost hits the flying skull.
The flying skull resists.
Casting: Call Imp (safe; 6% risk of failure)
Confirm with . or Enter, or press ? or * to list all spells.
You miscast Blink.
You are very lightly contaminated with residual magic.
Nothing appears to happen.
The flying skull hits you.
* * * LOW HITPOINT WARNING * * *
The flying skull barely misses you. The flying skull misses you.
Your white imp hits the flying skull but does no damage.
The flying skull hits you!
You die...

+≈§≈§§8≈§≈≈§# ###§≈≈§≈§§§≈
#≈## §§§§≈
############≈≈#+++#+++##
###########≈≈≈....†....#
##∩.∩.....#≈≈≈≈.##'##..#
##.∩.∩....#≈≈≈≈##...##.###
##..∩.∩5..#≈≈≈≈#..#..#....
##...∩.5z@#≈≈####.#.####..
##....∩.zz#≈##. ##+## ##.
##...∩.∩.5#≈#.w$##.## #.
##..∩.∩...'≈+ #+.<.+ +.
##.∩......#≈#.w.##.## #.
#▓▓▓▓▓▓▓###≈##. ##z## #.
##?Dh######≈≈# ##)zz# #≈≈
#(?h#ll ##≈≈≈#.z#.. ≈≈§≈
#∩P!+.$# +#≈##.z.##≈≈≈≈


You could see a fire dragon, 2 hell hogs, 3 flying skulls, a friendly crimson
imp (summoned), a friendly white imp (summoned) and a friendly shadow imp
(summoned).

Vanquished Creatures
  A merfolk siren (D)
  4 necrophages (D)
  A crocodile (D)
6 creatures vanquished.

Vanquished Creatures (others)
  Menkaure (D)
  A crocodile (D)
2 creatures vanquished.

Grand Total: 8 creatures vanquished

Notes
Turn   | Place    | Note
-------+----------+-------------------------------------------
     0 | D        | Conn the Octopode Hedge Wizard began the quest for the Orb.
     0 | D        | Reached XP level 1. HP: 11/11 MP: 4/4
     1 | D        | Noticed a tyrant leech
     1 | D        | Noticed a tyrant leech
     4 | D        | Noticed a merfolk siren
     8 | D        | Noticed a necrophage
     8 | D        | Noticed a necrophage
     8 | D        | Noticed a necrophage
     8 | D        | Noticed a necrophage
    16 | D        | Killed a necrophage
    16 | D        | Reached skill level 6 in Spellcasting
    16 | D        | Reached XP level 2. HP: 19/19 MP: 2/9
    16 | D        | Reached XP level 3. HP: 24/24 MP: 2/11
    16 | D        | Reached XP level 4. HP: 29/29 MP: 2/12
    19 | D        | Killed a necrophage
    19 | D        | Reached skill level 1 in Short Blades
    19 | D        | Reached skill level 8 in Spellcasting
    19 | D        | Reached XP level 5. HP: 35/35 MP: 2/16
    23 | D        | Killed a necrophage
    23 | D        | Reached skill level 9 in Spellcasting
    23 | D        | Reached XP level 6. HP: 42/42 MP: 2/18
    33 | D        | Killed a necrophage
    33 | D        | Reached skill level 10 in Spellcasting
    52 | D        | Learned a level 2 spell: Blink
    55 | D        | Learned a level 2 spell: Call Imp
    59 | D        | Learned a level 3 spell: Conjure Flame
    63 | D        | Learned a level 3 spell: Mephitic Cloud
   289 | D        | Killed Menkaure
   333 | D        | Noticed a flying skull
   336 | D        | Noticed a flying skull
   337 | D        | Noticed a flying skull
   340 | D        | Noticed a flying skull
   340 | D        | Noticed a flying skull
   340 | D        | Noticed a flying skull
   340 | D        | Noticed a flying skull
   340 | D        | Noticed a flying skull
   340 | D        | Noticed a flying skull
   341 | D        | Noticed a flying skull
   341 | D        | Noticed a flying skull
   342 | D        | Noticed a flying skull
   343 | D        | Killed a merfolk siren
   343 | D        | Reached skill level 5 in Fighting
   343 | D        | Reached skill level 11 in Spellcasting
   343 | D        | Reached skill level 5 in Conjurations
   343 | D        | Reached XP level 7. HP: 21/48 MP: 12/21
   576 | D        | Noticed an orange crystal statue
   687 | D        | Found Tuinoot's Distillery.
   687 | D        | Found Uchuen's Book Shop.
   688 | D        | Found Teeqitodo's Weapon Shop.
   688 | D        | Found Gunif's Jewellery Boutique.
   688 | D        | Found Plog's Antique Armour Shop.
   689 | D        | Found Kanad's Gadget Shop.
   689 | D        | Found Xida Yhi's Magic Scroll Boutique.
   689 | D        | Found Bugooxzu's Antique Weapon Boutique.
   690 | D        | Found Tacakhligg's Jewellery Boutique.
   690 | D        | Found Cott's Antique Weapon Boutique.
   690 | D        | Found Besyb's Antique Armour Shop.
   690 | D        | Noticed a hell hog
   693 | D        | Found Luniddub's Gadget Boutique.
   693 | D        | Found Beiqyr's Distillery.
   693 | D        | Noticed a hell hog
   693 | D        | Noticed an oklob plant
   694 | D        | Found Gureaw's Distillery.
   694 | D        | Found Ycwanlim's Book Shoppe.
   697 | D        | Noticed a fire dragon
   699 | D        | Noticed a wyvern
   701 | D        | Noticed a wyvern
   714 | D        | Bought a potion of lignification for 30 gold pieces
   716 | D        | Bought an ebony flail for 178 gold pieces
   717 | D        | Identified the +1 flail "Haukhic" {drain, *Noise rC++ rN+
                  | SInv} (You bought it in a shop in the Dungeon)
   763 | D        | Slain by a flying skull

Illustrated notes

Levels and vault maps discovered:
D:        the_violet_keep_of_menkaure [sprint2_stairs_cluster_1,
          sprint2_shoproom, sprint2_temple, sprint2_basic_supplies,
          sprint2_obstacle_1, sprint2_obstacle_2, sprint2_obstacle_4,
          sprint2_obstacle_6, sprint2_obstacle_5, sprint2_timed_cluster_1,
          sprint2_smallroom_cluster_1, sprint2_smallroom_final_cluster_1,
          sprint2_transparent_cluster_1, sprint2_second_timed_cluster_1,
          sprint2_sniper_area_1, sprint2_heavy_combat_area_1,
          sprint2_mutation_trap_area_1, sprint2_forest_area_1,
          sprint2_light_combat_area_1, sprint2_behind_water_1,
          sprint2_near_end_vault_1]

Skill      XL: |  1  2  3  4  5  6  7 |
---------------+----------------------+-----
Fighting       | 2 3 4 5 |  5.2
Spellcasting   | 6 8 9 11 | 11.6
Conjurations   | 2 3 4 5 |  5.3
Short Blades   | 1 2 |  2.0
Dodging        | 3 4 |  4.5
Stealth        | |  2.6
Summonings     | |  1.2
Translocations | |  1.2

Action                   |  1- 3 |  4- 6 |  7- 9 || total
-------------------------+-------+-------+-------++-------
Melee: Dagger            |     3 |    21 |       ||    24
       Tentacles         |     1 |     5 |       ||     6
       Constrict         |     1 |     6 |       ||     7
       Flail             |       |       |    28 ||    28
 Cast: Magic Dart        |     2 |       |    11 ||    13
       Call Imp          |       |     1 |     7 ||     8
       Mephitic Cloud    |       |     1 |       ||     1
       Blink             |       |     1 |       ||     1
       Conjure Flame     |       |       |     1 ||     1
  Use: Potion            |     2 |       |     2 ||     4
       Scroll            |       |       |     1 ||     1
Armor: Skin              |       |     1 |    47 ||    48
Dodge: Dodged            |       |    11 |    11 ||    22

Table legend: (Time is in decaauts)
 A = Elapsed time spent in this place.
 B = Non-inter-level travel time spent in this place.
 C = Inter-level travel time spent in this place.
 D = Time resting spent in this place.
 E = Time spent auto-exploring this place.
 F = Levels seen in this place.
 G = Mean time per level.
                   A        B        C        D        E       F      G
               +--------+--------+--------+--------+--------+-----+--------+
         Total |    761 |    761 |      0 |    566 |      0 |   1 |  761.0 |
       Dungeon |    761 |    761 |      0 |    566 |      0 |   1 |  761.0 |
               +--------+--------+--------+--------+--------+-----+--------+

Top non-repeatable levels by time:
       D: 761 daAuts
